 Dungeon Crawl Stone Soup version 0.27.1-2-g3b301248ec (webtiles) character file.

Game seed: 17524341103487013287

892 Metae the Shield-Bearer (level 7, -6/63 HPs)
             Began as a Minotaur Fighter on Sept 30, 2021.
             Mangled by a yak (12 damage)
             ... on level 4 of the Dungeon.
             The game lasted 00:19:40 (6497 turns).

Metae the Shield-Bearer (Minotaur Fighter)          Turns: 6497, Time: 00:19:40

Health: -6/63      AC: 10    Str: 26 (28) XL:     7   Next: 78%
Magic:  6/6        EV:  8    Int:  3 (5)  God:
Gold:   218        SH: 10    Dex:  8 (10) Spells: 6/6 levels left

rFire    . . .     SeeInvis +   D - +2 mace (drain)
rCold    . . .     Faith    .   c - +0 kite shield
rNeg     . . .     Spirit   .   b - +0 scale mail
rPois    .         Reflect  .   (helmet restricted)
rElec    .         Harm     .   E - +2 cloak {Stlth+}
rCorr    .         Rampage  .   (no gloves)
Will     .....                  (no boots)
Stlth    +.........             (no amulet)
HPRegen  0.20/turn              l - ring of see invisible
MPRegen  0.10/turn              m - +6 ring of strength

@: mighty, brilliant, flying
A: horns 2, retaliatory headbutt
a: no special abilities


You were on level 4 of the Dungeon.
You visited 1 branch of the dungeon, and saw 5 of its levels.

You collected 218 gold pieces.

Inventory:

Hand Weapons
 a - a +0 trident
 n - a +0 hunting sling
 B - a +2 rapier of protection
 D - a +2 mace of draining (weapon)
Missiles
 k - 4 datura-tipped darts (quivered)
 o - 67 stones
 p - 7 boomerangs
 q - 36 sling bullets
 A - 28 poisoned darts
Armour
 b - a +0 scale mail (worn)
 c - a +0 kite shield (worn)
 E - a +2 cloak of stealth (worn)
Jewellery
 l - a ring of see invisible (left hand)
 m - a +6 ring of strength (right hand)
 y - a ring of ice
Wands
 u - a wand of flame (12)
 w - a wand of paralysis (8)
Scrolls
 f - 2 scrolls of enchant armour
 g - 2 scrolls of amnesia
 h - a scroll of magic mapping
 j - 2 scrolls of blinking
 r - 2 scrolls of noise
 t - a scroll of identify
 v - a scroll of vulnerability
 x - a scroll of fog
 C - a scroll of torment {unknown}
Potions
 s - 4 potions of curing
 z - a potion of degeneration


   Skills:
 + Level 6.1 Fighting
 + Level 1.5 Maces & Flails
 - Level 5.0 Polearms
 + Level 6.1 Armour
 + Level 6.1 Shields
 + Level 2.7 Evocations


You had 6 spell levels left.
You didn't know any spells.
Your spell library contained the following spells:

 Spells                   Type           Power      Damage    Failure   Level
 Gell's Gravitas          Tloc           0%         N/A       100%        3
 Ozocubu's Armour         Ice            0%         N/A       100%        3
 Teleport Other           Tloc           0%         N/A       100%        3
 Metabolic Englaciation   Hex/Ice        0%         N/A       100%        5
 Dispersal                Tloc           0%         N/A       100%        6
 Simulacrum               Ice/Necr       0%         N/A       100%        6


Dungeon Overview and Level Annotations

Branches:
Dungeon (5/15)
 Temple: D:4-7

Altars:
Qazlal
The Shining One

Shops:
D:3 (


Innate Abilities, Weirdness & Mutations

You have a pair of horns on your head.
You reflexively headbutt those who attack you in melee.


Message History

There is a stone staircase leading down here.
You closely miss the yak. You block the yak's attack.
The yak barely misses you. You block the yak's attack.
You closely miss the yak. You headbutt the yak!
The yak is moderately wounded.
The yak gores you but does no damage. You block the yak's attack.
The yak gores you!
You sock the yak! You drain the yak. Your headbutt misses the yak.
The yak is moderately wounded.
The yak gores you! You block the yak's attack. The yak closely misses you.
You furiously retaliate!
You headbutt the yak! You barely miss the yak. You headbutt the yak!
The yak is severely wounded.
The yak gores you but does no damage. The yak barely misses you.
You furiously retaliate!
You headbutt the yak. The yak gores you!
You hit the yak but do no damage. You drain the yak.
The yak is severely wounded.
The yak gores you!
* * * LOW HITPOINT WARNING * * *
The yak gores you!
* * * LOW HITPOINT WARNING * * *
The yak closely misses you.
It was a potion of degeneration.
There was something very wrong with that liquid.
You feel weakened.
You feel dopey.
You feel clumsy. You block the yak's attack. x2
It was a potion of flight.
You feel very buoyant.
You fly up into the air.
The yak completely misses you. You furiously retaliate!
You headbutt the yak! The yak barely misses you.
You feel better. The yak gores you.
* * * LOW HITPOINT WARNING * * *
You block the yak's attack.
It was a potion of brilliance.
You feel clever all of a sudden. The yak barely misses you. The yak gores you.
* * * LOW HITPOINT WARNING * * *
You feel very mighty all of a sudden. You block the yak's attack.
The yak gores you!
You die...

#.#.# #.# #. #####.#.## #.#
## .........###.###
#####..#..>....#
#####....###...# ........##
##.)# #####.>.# #..#
........#####..#############
####.###.......Y@YY........#
####.# #.####..###########.#
.....###.# #..# #.#
≈≈..#..÷## #..# #.#
.≈.##.<.# #..# #.#
.≈.##...#####..# #.#
.≈.##..........#
#####.######
.≈.#....#####.##
#..........# .≈......# #.#
#.#......)..


You could see 3 yaks.

Vanquished Creatures
  The ghost of diceflayer the Skirmisher, an amateur MiFi (D:4)
  Eustachio (D:4)
  A yak (D:4)
  Duvessa (D:4)
  Dowan (D:4)
  Crazy Yiuf (D:5)
  A centaur zombie (D:5)
  A hound (D:5)
  A bullfrog skeleton (D:5)
  An orc wizard (D:3)
  A howler monkey skeleton (D:4)
  3 gnolls (D:3)
  5 adders
  An adder skeleton (D:4)
  A worm (D:3)
  2 dart slugs
  10 orcs
  A ball python (D:1)
  4 endoplasms
  3 giant cockroaches
  8 goblins
  3 hobgoblins
  3 jackals (D:1)
  4 quokkas
  2 bats
  2 frilled lizards (D:2)
  4 kobolds
  6 rats
73 creatures vanquished.

Notes
Turn   | Place    | Note
-------+----------+-------------------------------------------
     0 | D:1      | Metae the Minotaur Fighter began the quest for the Orb.
     0 | D:1      | Reached XP level 1. HP: 19/19 MP: 0/0
   187 | D:1      | Reached XP level 2. HP: 23/27 MP: 1/1
   463 | D:1      | Found a faded altar of an unknown god.
   938 | D:2      | Reached XP level 3. HP: 33/33 MP: 2/2
  1844 | D:3      | Reached XP level 4. HP: 40/40 MP: 3/3
  2029 | D:3      | Found Waraz's Antique Weapon Shop.
  2275 | D:3      | Reached XP level 5. HP: 28/47 MP: 4/4
  2419 | D:3      | Found a glowing golden altar of the Shining One.
  2646 | D:4      | Found a runed translucent door.
  2649 | D:4      | Found a stormy altar of Qazlal.
  2656 | D:4      | Noticed diceflayer's ghost (amateur MiFi)
  2892 | D:4      | Noticed Eustachio
  2892 | D:4      | Noticed Duvessa
  2892 | D:4      | Noticed Dowan
  2904 | D:4      | Killed Duvessa
  2905 | D:4      | Reached skill level 5 in Armour
  3135 | D:4      | Noticed an ogre
  3138 | D:4      | Reached skill level 1 in Evocations
  3382 | D:4      | Reached skill level 5 in Shields
  3387 | D:4      | Reached skill level 5 in Fighting
  3565 | D:4      | Killed Dowan
  3566 | D:4      | Reached XP level 6. HP: 12/56 MP: 5/5
  4310 | D:4      | Killed Eustachio
  5193 | D:4      | Killed diceflayer's ghost
  5194 | D:4      | Reached XP level 7. HP: 30/61 MP: 6/6
  5364 | D:5      | Entered Level 5 of the Dungeon
  5457 | D:5      | Reached skill level 5 in Polearms
  5992 | D:5      | Found a runed translucent door.
  5993 | D:5      | Noticed Crazy Yiuf
  5999 | D:5      | Killed Crazy Yiuf
  6147 | D:5      | Noticed a yak
  6147 | D:5      | Noticed a yak
  6147 | D:5      | Noticed a yak
  6147 | D:5      | Noticed a yak
  6147 | D:5      | Noticed a yak
  6165 | D:5      | HP: 2/62 [yak (10)]
  6223 | D:4      | Killed a yak
  6224 | D:4      | Reached skill level 1 in Maces & Flails
  6497 | D:4      | Mangled by a yak

Illustrated notes

Levels and vault maps discovered:
D:1:      sevenhm_arrival_forest_fort_small_4, layout_loops_ring,
          chequers_ecumenical_altar_simple_redux
D:2:      layout_basic
D:3:      layout_loops_corners, nicolae_tso_carved_into_rock, serial_shops, shop
D:4:      layout_loops_ring, mainiacjoe_overflow_brackets,
          ebering_ghost_reflecting_pool, uniq_eustachio, uniq_duvessa
D:5:      layout_gridville, uniq_crazy_yiuf_cottage

Skill      XL: |  1  2  3  4  5  6  7 |
---------------+----------------------+-----
Armour         | 4 5 6 |  6.1
Shields        | 4 5 6 |  6.1
Fighting       | 4 5 6 |  6.1
Polearms       | 3 4 5 |  5.0
Evocations     | 1 2 |  2.7
Maces & Flails | 1 |  1.5

Action                   |  1- 3 |  4- 6 |  7- 9 || total
-------------------------+-------+-------+-------++-------
Melee: Trident           |   107 |   117 |    18 ||   242
       Headbutt          |    10 |    19 |    19 ||    48
       Mace              |       |       |    28 ||    28
Throw: Dart              |       |       |     2 ||     2
Evoke: Wand              |       |       |     2 ||     2
  Use: Potion            |       |     2 |     5 ||     7
       Scroll            |       |       |     8 ||     8
Armor: Scale mail        |    42 |    55 |    28 ||   125
Dodge: Dodged            |    30 |    46 |    35 ||   111
Block: Kite shield       |    68 |    96 |    46 ||   210
